Map: Lightshade LE

Players

Moja - Winner!

  • Race: Terran Terran
  • Spawn Location: 11:00

Ziggy

  • Race: Terran Terran
  • League: Grandmaster
  • Spawn Location: 5:00

Event: DreamHack SC2 Masters 2020 Winter

VOD

Have the link to the VOD?

Description

Time

  • Played on: Oct. 16, 2020, 1:10 p.m.
  • Length: 5:09

All games in this series

Show
View Real Time Build Order
Export as new Build Order

Moja Terran - Winner!

Build Orders:  

Get SALT Encoding   

  12  0:00  SCV  
  13  0:12  SCV  
  14  0:16  Supply Depot  
  14  0:24  SCV  
  14  0:27  Refinery  
  15  0:38  SCV  
  16  0:43  Barracks  
  16  0:50  SCV  
  16  0:54  Refinery  
  17  1:02  SCV  
  18  1:14  SCV  
  19  1:30  Orbital Command  
  19  1:32  Factory  
  19  1:34  Reaper  
  20  1:42  Supply Depot  
  20  1:55  SCV  
  21  2:06  Reaper  
  21  2:08  SCV  
  23  2:16  Hellion  
  23  2:20  SCV  
  26  2:26  Command Center  
  26  2:32  SCV  
  27  2:37  Hellion  
  27  2:38  Barracks Reactor  
  27  2:44  Starport  
  29  2:45  SCV  
  30  2:53  Supply Depot  
  30  2:57  SCV  
  31  3:03  Factory Tech Lab  
  28  3:15  SCV  
  28  3:16  Marine x2  
  31  3:22  Siege Tank, Medivac  
  36  3:28  SCV  
  37  3:34  Marine x2  
  39  3:48  SCV, Orbital Command  
  39  3:53  Refinery  
  40  3:58  Marine  
  40  3:59  Marine  
  40  4:01  SCV  
  43  4:03  Raven  
  43  4:05  Factory Tech Lab  
  45  4:13  SCV  
  45  4:14  SCV  
  46  4:25  SCV  
  46  4:30  SCV  
  46  4:31  Marine  
  45  4:37  SCV  
  45  4:41  Hellion  
  44  4:48  SCV  
  44  4:50  SCV  
  44  4:51  Marine x2  
Show
View Real Time Build Order
Export as new Build Order

Ziggy Terran 

Build Orders:  

Get SALT Encoding   

  12  0:00  SCV  
  13  0:12  SCV  
  14  0:16  Supply Depot  
  14  0:24  SCV  
  15  0:38  SCV  
  15  0:40  Barracks  
  16  0:44  Refinery  
  16  0:50  SCV  
  17  0:59  Barracks  
  17  1:02  SCV  
  18  1:14  SCV  
  19  1:27  Orbital Command, Reaper  
  19  1:29  Supply Depot  
  20  1:46  Reaper  
  21  2:03  Reaper  
  21  2:04  Command Center  
  22  2:09  Refinery  
  22  2:11  SCV  
  23  2:21  Reaper  
  24  2:24  SCV  
  25  2:37  Reaper  
  25  2:43  Command Center  
  26  2:46  SCV  
  27  2:54  Barracks Tech Lab  
  27  2:59  SCV  
  28  3:07  Factory  
  26  3:14  SCV  
  26  3:16  Marine x2  
  28  3:22  Orbital Command  
  28  3:26  SCV  
  29  3:34  Barracks Reactor  
  29  3:39  SCV  
  31  3:42  Marauder  
  31  3:47  SCV  
  33  3:51  SCV  
  36  3:56  Hellion  
  36  3:58  Orbital Command  
  36  4:01  SCV  
  37  4:03  SCV  
  37  4:07  Marine  
  39  4:11  Marine x2  
  39  4:14  Starport  
  41  4:17  Factory Reactor  
  41  4:18  SCV  
  41  4:22  SCV  
  41  4:25  Marine  
  41  4:28  Marine  
  41  4:29  Marine  
  36  4:34  SCV  
  28  4:42  SCV  
  28  4:44  Marine  
  25  4:46  SCV  
Tags
 
Add a new tag
Caveats
  • Supply blocks, unpowered buildings, or Contaminate may cause inaccurate times.
  • Supply counts are checked every 10 seconds.